 Dungeon Crawl Stone Soup version 0.27.1-34-g3ba077fa99 (webtiles) character file.

Game seed: 2653997114858804169

103023 growler the Stormcaller (level 16, -1/106 HPs)
             Began as a Tengu Air Elementalist on Jan 6, 2022.
             Was a High Priest of Vehumet.
             Engulfed by a cloud of freezing vapour (11 damage)
             ... on level 13 of the Dungeon on Jan 11, 2022.
             The game lasted 02:08:12 (42726 turns).

growler the Stormcaller (Tengu Air Elementalist)   Turns: 42726, Time: 02:08:13

Health: -1/106     AC:  7    Str: 15    XL:     16   Next: 34%
Magic:  5/27       EV: 23    Int: 22    God:    Vehumet [*****.]
Gold:   2739       SH: 11    Dex: 17    Spells: 8/29 levels left

rFire    + . .     SeeInvis .   b - staff of air
rCold    + . .     Faith    .   D - +2 kite shield {rC+ rF+}
rNeg     + . .     Spirit   .   O - +2 robe {Archmagi}
rPois    .         Reflect  .   i - +1 hat
rElec    +         Harm     .   w - +0 cloak
rCorr    .         Rampage  .   K - +0 pair of gloves
Will     +++..     Archmagi +   (boots unavailable) Stlth ++........Rnd*Rage +
                                e - amulet of regeneration
HPRegen  1.27/turn              y - ring "Foczepsiacy" {Will+ Str+6}
MPRegen  0.20/turn              v - ring of positive energy

@: flying quickly and evasively, quick
A: beak, talons 3, nimble flight, claws 1, berserk 1, clever 1, strong-willed 1,
evolution 1
a: Renounce Religion


You were on level 13 of the Dungeon.
You worshipped Vehumet.
Vehumet was extremely pleased with you.
You visited 4 branches of the dungeon, and saw 22 of its levels.
You visited the Abyss 1 time.

You collected 2861 gold pieces.
You spent 122 gold pieces at shops.

Inventory:

Hand Weapons
 a - the +10 lajatang "Saonuybb" {speed, rN++ Str+2 Int-2 Dex-2}
   (You acquired it on level 5 of the Lair of Beasts)

   Attacks with this weapon are significantly faster.
   Str:       It affects your strength (+2).
   Int:       It affects your intelligence (-2).
   Dex:       It affects your dexterity (-2).
   rN:        It greatly protects you from negative energy.
 h - a +2 dagger of venom
   (You took it off a goblin on level 2 of the Dungeon)
 F - a +0 dagger of electrocution
   (You took it off Maurice on level 10 of the Dungeon)
 I - a +0 dagger
   (You took it off a kobold on level 1 of the Dungeon)
Armour
 f - a +0 buckler
   (You found it on level 2 of the Dungeon)
 i - a +1 hat (worn)
   (You found it on level 9 of the Dungeon)
 s - +0 acid dragon scales
   (You found it on level 8 of the Dungeon)
 w - a +0 cloak (worn)
   (You took it off Maurice on level 10 of the Dungeon)
 C - a +2 troll leather armour {Snorg}
   (You found it on level 2 of the Lair of Beasts)
 D - a +2 kite shield of resistance (worn)
   (You acquired it on level 5 of the Lair of Beasts)
 K - a +0 pair of gloves (worn)
   (You found it on level 6 of the Lair of Beasts)
 O - a +2 robe of the Archmagi (worn)
   (You bought it in a shop on level 2 of the Orcish Mines)
Magical Staves
 b - a staff of air (weapon)
   (You acquired it on level 9 of the Dungeon)
Jewellery
 e - an amulet of regeneration (around neck)
   (You found it on level 3 of the Lair of Beasts)
 p - a ring of fire
   (You found it on level 4 of the Dungeon)
 v - a ring of positive energy (right hand)
   (You found it on level 9 of the Dungeon)
 y - the ring "Foczepsiacy" (left hand) {Will+ Str+6}
   (You acquired it on level 11 of the Dungeon)

   [ring of willpower]

   Str:       It affects your strength (+6).
   Will:      It increases your willpower.
 z - a ring of see invisible
   (You found it on level 6 of the Lair of Beasts)
 M - a ring of ice
   (You found it on level 2 of the Abyss)
Wands
 d - a wand of iceblast (6)
   (You took it off an orc on level 7 of the Dungeon)
 t - a wand of flame (86)
   (You took it off Ijyb on level 3 of the Dungeon)
 u - a wand of paralysis (15)
   (You found it on level 6 of the Dungeon)
 x - a wand of acid (8)
   (You found it on level 5 of the Lair of Beasts)
 N - a wand of charming (6)
   (You found it on level 2 of the Abyss)
Scrolls
 l - 3 scrolls of amnesia
 m - a scroll of enchant armour
 q - 2 scrolls of teleportation {@r4}
 r - 2 scrolls of enchant weapon
 E - 6 scrolls of identify {@r1}
 H - 4 scrolls of magic mapping
Potions
 c - 3 potions of berserk rage
 g - 4 potions of lignification {!q}
 j - 5 potions of might
 k - 2 potions of haste {@q3}
 n - 2 potions of heal wounds {@q2}
 o - 4 potions of attraction {!q}
 A - 3 potions of resistance
 B - a potion of cancellation
 J - a potion of brilliance
 L - a potion of magic
Miscellaneous
 G - a phantom mirror
   (You found it on level 5 of the Lair of Beasts)


   Skills:
 + Level 14.2 Fighting
 - Level 4.0 Armour
 + Level 15.4 Dodging
 - Level 2.0 Stealth
 - Level 4.0 Shields
 - Level 7.0 Spellcasting
 + Level 11.6 Conjurations
 + Level 19.5 Air Magic


You had 8 spell levels left.
You knew the following spells:

 Your Spells              Type           Power      Damage    Failure   Level
a - Shock                 Conj/Air       100%       1d9       1%          1
b - Airstrike             Air            59%        N/A       1%          4
c - Conjure Ball Lightni  Conj/Air       53%        3x3d18    2%          6
d - Static Discharge      Conj/Air       100%       N/A       1%          2
e - Freezing Cloud        Conj/Ice/Air   44%        6-21      3%          5
s - Swiftness             Air            100%       N/A       1%          3

Your spell library contained the following spells:

 Spells                   Type           Power      Damage    Failure   Level
 Irradiate                Conj/Tmut      24%        3d21      22%         5
 Conjure Flame            Conj/Fire      49%        6-21      2%          3
 Stone Arrow              Conj/Erth      98%        3d13      2%          3
 Sandblast                Erth           22%        2d7       9%          1
 Hailstorm                Conj/Ice       49%        3d11      9%          4
 Sticky Flame             Conj/Fire      49%        2d7       9%          4
 Frozen Ramparts          Ice            22%        1d4       24%         3
 Ignite Poison            Fire/Tmut/Pois 11%        N/A       24%         3
 Animate Skeleton         Necr           22%        N/A       32%         1
 Corona                   Hex            12%        N/A       32%         1
 Pain                     Necr           44%        1d6       32%         1
 Ensorcelled Hibernation  Hex/Ice        22%        N/A       45%         2
 Passwall                 Tmut/Erth      9%         N/A       45%         2
 Slow                     Hex            11%        N/A       45%         2
 Confusing Touch          Hex            11%        N/A       69%         3
 Gell's Gravitas          Tloc           5%         N/A       69%         3
 Portal Projectile        Hex/Tloc       22%        N/A       69%         3
 Spider Form              Tmut/Pois      5%         N/A       69%         3
 Teleport Other           Tloc           11%        N/A       69%         3
 Tukima's Dance           Hex            11%        N/A       69%         3
 Vampiric Draining        Necr           5%         2d6       69%         3
 Yara's Violent Unravell  Hex/Tmut       5%         3d4       89%         5
 Ice Form                 Ice/Tmut       11%        N/A       97%         4
 Summon Ice Beast         Ice/Summ       11%        N/A       97%         4
 Blade Hands              Tmut           5%         N/A       100%        5
 Excruciating Wounds      Necr           5%         N/A       100%        5
 Dispersal                Tloc           5%         N/A       100%        6
 Shadow Creatures         Summ           N/A        N/A       100%        6
 Statue Form              Tmut/Erth      7%         N/A       100%        6
 Lehudib's Crystal Spear  Conj/Erth      24%        10d7      100%        8


Dungeon Overview and Level Annotations

Branches:
Dungeon (13/15)            Temple (1/1) D:7            Lair (6/6) D:8
  Swamp (0/4) Lair:3       Spider (0/4) Lair:2        Slime (0/5) Lair:6
    Orc (2/2) D:11            Elf (0/3) Orc:2
 Vaults: D:13-14

Altars:
Ashenzari
Cheibriados
Dithmenos
Elyvilon
Fedhas
Gozag
Hepliaklqana
Kikubaaqudgha
Makhleb
Nemelex Xobeh
Okawaru
Qazlal
Ru
Sif Muna
Trog
Uskayaw
Vehumet
Wu Jian
Xom
Yredelemnul
Zin
The Shining One
Beogh
Jiyva

Shops:
D:5 :   D:6 *   D:10 (   Orc:2 *[*:(

Portals:
Pandemonium: Orc:2
Trove: D:12 (give +4 fire dragon scales)

Annotations:
D:11 3 runed translucent doors, dnasty's ghost, journeyman MiGl
Lair:6 1 runed translucent door
Orc:2 3 runed translucent doors, DemonSlayer's ghost, journeyman TeBe


Innate Abilities, Weirdness & Mutations

You have a beak for a mouth.
You have claws for feet.
Your magical nature lets you fly swiftly and evasively.
You have sharp fingernails.
You tend to lose your temper in combat.
Your mind is acute. (Int +2)
You are strong-willed. (Will+)
You evolve.


Message History

The skeletal warrior misses you.
The catoblepas is engulfed in freezing vapours.
Okay, then.
Aim: a skeletal warrior, wielding a +0 war axe You feel a strong surge of power!
The air twists around and strikes the skeletal warrior!
You are engulfed in freezing vapours.
You resist.
You block the skeletal warrior's attack.
The catoblepas is engulfed in freezing vapours.
Aim: a skeletal warrior, wielding a +0 war axe (moderately damaged)
You feel a strong surge of power!
The air twists around and strikes the skeletal warrior but does no damage.
You are engulfed in freezing vapours.
You resist.
The skeletal warrior completely misses you.
The catoblepas is engulfed in freezing vapours.
Aim: a catoblepas (freezing vapour, moderately wounded)
You feel a strong surge of power!
The air twists around and strikes the catoblepas!
You are engulfed in freezing vapours.
You resist.
You block the skeletal warrior's attack.
The catoblepas is engulfed in freezing vapours.
Aim: a catoblepas (freezing vapour, heavily wounded)
You feel a strong surge of power!
The air twists around and strikes the catoblepas!
You are engulfed in freezing vapours.
You resist.
* * * LOW HITPOINT WARNING * * *
The skeletal warrior hits you with a +0 war axe!!
* * * LOW HITPOINT WARNING * * *
The catoblepas is engulfed in freezing vapours.
The catoblepas breathes a plume of calcifying dust at you.
The blast of calcifying dust hits you.
* * * LOW HITPOINT WARNING * * *
The blast of calcifying dust hits the skeletal warrior but does no damage.
You are engulfed in freezing vapours.
You resist.
* * * LOW HITPOINT WARNING * * *
The skeletal warrior is engulfed in calcifying dust.
The skeletal warrior is moving more slowly.
You are engulfed in freezing vapours.
You resist.
* * * LOW HITPOINT WARNING * * *
The catoblepas is engulfed in freezing vapours.
You block the catoblepas's attack.
You are engulfed in freezing vapours.
You resist.
* * * LOW HITPOINT WARNING * * *
The catoblepas is engulfed in freezing vapours.
The catoblepas breathes a plume of calcifying dust at you.
The blast of calcifying dust hits you.
* * * LOW HITPOINT WARNING * * *
The skeletal warrior is engulfed in freezing vapours.
You are engulfed in freezing vapours.
You resist.
You die...

.# ... ##.# #.# #.. #.# #)# #.#
#.# #.# ### ####.###### #.# ###..
..........# #.# #####.'..
.....[....# ######§#####.....#..
..........####§§@§§§......#####..
..........§§§zY#####.###### #..
..........###### #.# #..
######.#### #.# ### #..# #.#
##..# #.# #.# #####'##### .#
#.........# #...<.....# ###


You could see a catoblepas and a skeletal warrior (petrifying).

Vanquished Creatures
  An orc warlord (Orc:1)
  Snorg (Lair:2)
  An ettin (Orc:1)
  Josephine (Orc:1)
  Erolcha (D:10)
  A boulder beetle (Lair:3)
  10 hydras
  A catoblepas (Lair:6)
  5 two-headed ogres
  2 alligators (Lair:6)
  18 death yaks
  3 tengu warriors
  Nergalle (D:12)
  7 orc high priests
  A sun demon (Orc:2)
  A skeletal warrior (D:13)
  A gelid demonspawn (Orc:2)
  An infernal demonspawn (Orc:2)
  5 orc knights
  6 orc sorcerers (Orc:2)
  A cyclops (Orc:1)
  A manticore (D:13)
  Maurice (D:10)
  8 black mambas
  21 elephants
  A rust devil (Orc:2)
  An orange demon (Orc:2)
  2 torpor snails
  19 cane toads
  2 unseen horrors
  10 komodo dragons
  2 kobold demonologists (D:9)
  3 rime drakes
  2 tengu conjurers
  A red devil (Orc:2)
  11 polar bears (Lair:6)
  3 jumping spiders (Lair:2)
  2 trolls
  12 dream sheep
  Grinder (D:5)
  Prince Ribbit (D:5)
  20 blink frogs
  9 wraiths
  A shadow (D:9)
  5 wyverns
  A vampire (D:8)
  2 ynoxinuls (Orc:2)
  3 basilisks
  A neqoxec (Orc:2)
  68 yaks
  Grum (D:11)
  3 vampire mosquitoes (D:12)
  6 wargs
  3 acid dragons
  Edmund (D:6)
  11 water moccasins
  17 hell hounds (Lair:6)
  38 orc warriors
  13 black bears
  3 ice beasts
  6 ogres
  27 wolves
  9 centaurs
  A phantom (D:5)
  8 bullfrogs
  3 kobold brigands (D:9)
  2 gnoll sergeants
  2 scorpions
  5 killer bees
  4 wights (D:9)
  4 howler monkeys
  3 electric eels (Lair:5)
  2 bullfrog zombies (D:6)
  2 centaur zombies
  A hound (D:5)
  19 orc priests
  3 jellies (D:6)
  2 bullfrog skeletons (D:5)
  A centaur skeleton (D:7)
  An iron imp (Abyss:2)
  Jessica (D:2)
  Ijyb (D:3)
  2 iguanas
  17 orc wizards
  11 hell rats
  Terence (D:2)
  A killer bee zombie (D:8)
  A hound zombie (D:5)
  Robin (D:2)
  3 howler monkey zombies
  15 gnolls
  7 adders
  A shadow imp (D:6)
  14 white imps
  2 ufetubi (D:5)
  A dart slug (D:5)
  82 orcs
  5 ball pythons
  4 endoplasms
  A giant cockroach (D:1)
  20 goblins
  7 hobgoblins
  7 jackals
  11 kobolds
  3 quokkas (D:1)
  5 bats
  A frilled lizard (D:3)
  6 rats
715 creatures vanquished.

Vanquished Creatures (collateral kills)
  A ball lightning (Orc:2)
1 creature vanquished.

Vanquished Creatures (others)
  35 ball lightnings
  36 fungi
  137 plants
208 creatures vanquished.

Grand Total: 924 creatures vanquished

Notes
Turn   | Place    | Note
-------+----------+-------------------------------------------
     0 | D:1      | growler the Tengu Air Elementalist began the quest for the
                  | Orb.
     0 | D:1      | Reached XP level 1. HP: 10/10 MP: 4/4
   188 | D:1      | Reached XP level 2. HP: 15/15 MP: 3/6
   191 | D:1      | Learned a level 2 spell: Static Discharge
   767 | D:1      | Found a faded altar of an unknown god.
   877 | D:1      | Reached XP level 3. HP: 19/19 MP: 4/7
  1463 | D:1      | Learned a level 3 spell: Swiftness
  1627 | D:2      | Noticed Robin
  1638 | D:2      | Killed Robin
  1639 | D:2      | Gained mutation: You are frail. (-10% HP) [potion of
                  | mutation]
  1894 | D:2      | Reached XP level 4. HP: 21/21 MP: 4/9
  1894 | D:2      | Noticed Jessica
  1897 | D:2      | Killed Jessica
  1898 | D:2      | Reached skill level 5 in Air Magic
  2190 | D:2      | Noticed Terence
  2201 | D:2      | Killed Terence
  2353 | D:2      | Found a broken altar of Ashenzari.
  2508 | D:3      | Gained mutation: Your magical nature lets you fly swiftly
                  | and evasively. [Tengu growth]
  2508 | D:3      | Reached XP level 5. HP: 22/25 MP: 4/10
  2610 | D:3      | Learned a level 4 spell: Airstrike
  3542 | D:3      | Noticed Ijyb
  3552 | D:3      | Killed Ijyb
  3713 | D:3      | Reached XP level 6. HP: 22/28 MP: 6/12
  4010 | D:3      | Reached skill level 6 in Air Magic
  4736 | D:4      | Noticed a black bear
  4753 | D:4      | Killed a black bear
  4754 | D:4      | Reached skill level 5 in Conjurations
  5002 | D:5      | Entered Level 5 of the Dungeon
  5076 | D:5      | Reached XP level 7. HP: 31/32 MP: 0/14
  5316 | D:5      | Noticed Prince Ribbit
  5424 | D:5      | Reached skill level 7 in Air Magic
  5684 | D:5      | Noticed Grinder
  5686 | D:5      | Paralysed by Grinder for 6 turns
  5692 | D:5      | Killed Grinder
  5693 | D:5      | Reached skill level 1 in Shields
  6000 | D:5      | Reached XP level 8. HP: 36/36 MP: 3/16
  6089 | D:5      | Killed Prince Ribbit
  6090 | D:5      | Reached skill level 5 in Spellcasting
  6195 | D:5      | Got the Almanac of Stones and the Glacier
  6220 | D:5      | Reached skill level 8 in Air Magic
  6258 | D:5      | Found Zumeotz's Self-Improvement Boutique.
  6619 | D:5      | Noticed Edmund
  6803 | D:6      | Killed Edmund
  7648 | D:5      | Reached skill level 9 in Air Magic
  7730 | D:5      | Reached XP level 9. HP: 40/40 MP: 6/17
  8678 | D:6      | Found Mac Pafi's General Store.
  9030 | D:7      | Found a staircase to the Ecumenical Temple.
  9037 | Temple   | Entered the Ecumenical Temple
  9209 | Temple   | Became a worshipper of Vehumet
  9415 | D:7      | Reached skill level 10 in Air Magic
 10138 | D:7      | Reached skill level 11 in Air Magic
 10657 | D:8      | Noticed a komodo dragon
 10658 | D:8      | Found a staircase to the Lair.
 10662 | D:8      | Killed a komodo dragon
 10663 | D:8      | Reached skill level 12 in Air Magic
 10663 | D:8      | Reached skill level 1 in Fighting
 11451 | D:8      | Reached XP level 10. HP: 48/48 MP: 10/19
 12027 | D:9      | Noticed a kobold demonologist
 12031 | D:9      | Noticed a kobold demonologist
 12342 | D:9      | Identified a scroll of acquirement
 12344 | D:9      | Acquired a staff of air
 12581 | D:9      | Reached * piety under Vehumet
 12581 | D:9      | Offered knowledge of Freeze by Vehumet.
 12945 | D:9      | Noticed a soul eater
 12945 | D:9      | Killed a kobold demonologist
 12946 | D:9      | Reached skill level 5 in Dodging
 13459 | D:9      | Killed a kobold demonologist
 13460 | D:9      | Reached skill level 5 in Fighting
 14056 | D:10     | Entered Level 10 of the Dungeon
 14056 | D:10     | Noticed Maurice
 14063 | D:10     | Killed Maurice
 14064 | D:10     | Reached XP level 11. HP: 57/57 MP: 3/22
 14358 | D:10     | Offered knowledge of Foxfire by Vehumet.
 14364 | D:10     | Reached ** piety under Vehumet
 14990 | D:10     | Found Cuizu's Weapon Shoppe.
 15001 | D:10     | Noticed Erolcha
 15006 | D:10     | Killed Erolcha
 15706 | D:10     | Found a snail-covered altar of Cheibriados.
 15820 | D:11     | Found a staircase to the Orcish Mines.
 16063 | D:10     | Reached skill level 13 in Air Magic
 17137 | D:11     | Noticed a two-headed ogre
 17141 | D:11     | Killed a two-headed ogre
 17281 | D:11     | Noticed Grum
 17284 | D:11     | Killed Grum
 17737 | D:11     | Found a runed translucent gate.
 17738 | D:11     | Found a runed translucent gate.
 17739 | D:11     | Found a runed translucent gate.
 17742 | D:11     | Noticed a two-headed ogre
 17746 | D:11     | Killed a two-headed ogre
 17873 | D:11     | Identified the +1 plate armour "Xecatol" {rN+}
 17874 | D:11     | Noticed dnasty's ghost (journeyman MiGl)
 17950 | D:11     | Reached XP level 12. HP: 64/65 MP: 8/23
 18102 | D:11     | Acquired the ring "Foczepsiacy" {Will+ Str+6}
 18163 | Lair:1   | Entered Level 1 of the Lair of Beasts
 18287 | Lair:1   | Reached skill level 14 in Air Magic
 18428 | Lair:1   | Offered knowledge of Stone Arrow by Vehumet.
 18758 | Lair:1   | Noticed an eight-headed hydra
 19356 | Lair:1   | Killed an eight-headed hydra
 20031 | Lair:2   | Reached *** piety under Vehumet
 20032 | Lair:2   | Reached skill level 10 in Dodging
 20913 | Lair:2   | Found a hole to the Spider Nest.
 21134 | Lair:1   | Reached skill level 15 in Air Magic
 21783 | Lair:2   | Reached XP level 13. HP: 33/73 MP: 2/24
 21783 | Lair:2   | HP: 2/73 [yak[a torpor snail] (7)]
 21816 | Lair:2   | Reached skill level 10 in Fighting
 22112 | Lair:2   | Offered knowledge of Sticky Flame by Vehumet.
 23254 | Lair:3   | Noticed Snorg
 23272 | Lair:2   | Killed Snorg
 24066 | Lair:3   | Reached skill level 16 in Air Magic
 25353 | Lair:2   | Reached **** piety under Vehumet
 25401 | Lair:3   | Offered knowledge of Conjure Flame by Vehumet.
 25620 | Lair:3   | Found a staircase to the Swamp.
 26384 | Lair:4   | Reached XP level 14. HP: 81/81 MP: 14/25
 26586 | Lair:4   | Found a frozen archway.
 26604 | Lair:4   | Lost mutation: You are frail. (-10% HP) [potion of
                  | mutation]
 26604 | Lair:4   | Gained mutation: You have sharp fingernails. [potion of
                  | mutation]
 26604 | Lair:4   | Gained mutation: Your magical capacity is low. (-10% MP)
                  | [potion of mutation]
 26735 | Lair:4   | Reached skill level 17 in Air Magic
 29103 | Lair:5   | Got the Handbook of Limited Liability
 29733 | Lair:5   | Reached ***** piety under Vehumet
 29742 | Lair:5   | Offered knowledge of Iskenderun's Battlesphere by Vehumet.
 30610 | Lair:5   | Reached skill level 18 in Air Magic
 30856 | Lair:5   | Acquired the +10 lajatang "Saonuybb" {speed, rN++ Str+2
                  | Int-2 Dex-2}
 30866 | Lair:5   | Acquired a +2 kite shield of resistance
 30867 | Lair:5   | Acquired 992 gold pieces
 30883 | Lair:6   | Entered Level 6 of the Lair of Beasts
 30910 | Lair:5   | Reached skill level 1 in Armour
 31822 | Lair:6   | Reached XP level 15. HP: 88/97 MP: 8/23
 32011 | Lair:6   | Found a runed translucent door.
 32049 | Lair:6   | Found a viscous altar of Jiyva.
 32049 | Lair:6   | Noticed an azure jelly
 32050 | Lair:6   | Noticed an azure jelly
 32050 | Lair:6   | Noticed an azure jelly
 32051 | Lair:6   | Found a staircase to the Slime Pits.
 32051 | Lair:6   | Noticed an azure jelly
 32901 | Lair:6   | Offered knowledge of Conjure Ball Lightning by Vehumet.
 32917 | Lair:6   | Learned a level 6 spell: Conjure Ball Lightning
 35008 | Orc:1    | Entered Level 1 of the Orcish Mines
 35015 | Orc:1    | Offered knowledge of Freezing Cloud by Vehumet.
 35016 | Orc:1    | Noticed Josephine
 35137 | D:11     | Learned a level 5 spell: Freezing Cloud
 35146 | Orc:1    | Killed Josephine
 36690 | Orc:2    | Entered Level 2 of the Orcish Mines
 36922 | Orc:2    | Found a staircase to the Elven Halls.
 37063 | Orc:2    | Reached skill level 10 in Conjurations
 37154 | Orc:2    | Noticed DemonSlayer's ghost (journeyman TeBe)
 37175 | Orc:2    | Found a runed translucent gate.
 37175 | Orc:2    | Found a runed translucent gate.
 37175 | Orc:2    | Found a runed translucent gate.
 37479 | Orc:2    | Noticed an orc warlord
 37593 | Orc:1    | Killed an orc warlord
 37710 | Orc:2    | Cast into level 2 of the Abyss (orc wizard)
 37710 | Abyss:2  | Found a corrupted altar of Lugonu.
 37796 | Orc:2    | Escaped the Abyss
 38091 | Orc:2    | Found Reskuac's Weapon Shoppe.
 38450 | Orc:2    | Found Jiteec's General Store.
 38771 | Orc:2    | Found Itof's General Store.
 38788 | Orc:2    | Reached skill level 19 in Air Magic
 39569 | Orc:2    | Offered knowledge of Starburst by Vehumet.
 39856 | Orc:2    | Reached skill level 15 in Dodging
 40232 | Orc:2    | Reached XP level 16. HP: 99/104 MP: 3/24
 40398 | Orc:2    | Reached ****** piety under Vehumet
 40548 | Orc:2    | Found Ciosm's Book Shoppe.
 40548 | Orc:2    | Found Faech's Antique Armour Emporium.
 40549 | Orc:2    | Found a one-way gate leading to the halls of Pandemonium.
 40637 | Orc:2    | Bought a glowing robe for 122 gold pieces
 41164 | D:12     | Noticed Nergalle
 41169 | D:12     | Killed Nergalle
 41797 | D:12     | Found a portal to a secret trove of treasure.
 42147 | D:13     | Offered knowledge of Irradiate by Vehumet.
 42514 | D:13     | Lost mutation: Your magical capacity is low. (-10% MP)
                  | [potion of mutation]
 42514 | D:13     | Gained mutation: You tend to lose your temper in combat.
                  | [potion of mutation]
 42514 | D:13     | Gained mutation: You evolve. [potion of mutation]
 42514 | D:13     | Gained mutation: Your mind is acute. (Int +2) [potion of
                  | mutation]
 42514 | D:13     | Gained mutation: You are strong-willed. (Will+) [potion of
                  | mutation]
 42726 | D:13     | Engulfed by a cloud of freezing vapour

Illustrated notes

Levels and vault maps discovered:
D:1:      dpeg_arrival_line_fractal, layout_basic, ebering_ecumenical_altar_mist
D:2:      layout_loops_cross, basic_altar, uniq_robin, uniq_terence,
          uniq_jessica
D:3:      kennysheep_goblin_castle, layout_loops_corners, serial_park_tiny_1
D:4:      layout_basic, minmay_goblin_kobold_house, uniq_ijyb
D:5:      layout_layer_cave, nicolae_shop_self_help, uniq_grinder, uniq_edmund,
          uniq_prince_ribbit1
D:6:      layout_rooms, serial_shops, shop_statue
D:7:      layout_loops_cross, minmay_temple_entry_butterflies
D:8:      layout_layer_cave, david_lair_shrubbed
D:9:      layout_basic, chequers_serial_rivers_micro_e
D:10:     layout_loops_corners, marbit_many_paths, serial_shops, shop,
          uniq_erolcha, uniq_maurice
D:11:     layout_big_octagon, minmay_orc_entry_temple_small,
          biasface_ghost_orc_armoury, small_statue_intersection, uniq_grum
D:12:     layout_basic, trove_entry_hex_spiral, amcnicky_mini_pool_medium,
          uniq_nergalle
D:13:     layout_roguey, erik_vaults_2, gauntlet_entry_generic, special_room
          [special_room_orc], item_on_display_b
Temple:   kilobyte_greek_temple
Lair:1:   layout_cave_pods, grunt_megastairs_2
Lair:2:   layout_cave_shapes, spider_nest_entry_a,
          chequers_serial_rivers_micro_b, grunt_megastairs_3
Lair:3:   layout_chaotic_city, swamp_mist, patterned_corridor,
          grunt_megastairs_5, lemuel_fruit_tree, uniq_snorg
Lair:4:   layout_cave_pods, portal_ice_cave_entry_imps,
          grunt_forest_small_clearing_treed
Lair:5:   layout_gridlike, serial_forest, infiniplex_forest_clump_C,
          infiniplex_forest_clump_diagonal, infiniplex_forest_straight_1,
          infiniplex_forest_straight_5, infiniplex_forest_lined_1,
          infiniplex_forest_pool, infiniplex_staircase_pool, grunt_megastairs_1,
          serial_bayou_shore_b, serial_bayou_shore_a
Lair:6:   hangedman_lair_caniforms_friends, layout_cellular_growth,
          slime_altar_2, grunt_megastairs_4
Orc:1:    layout_caves, uniq_josephine
Orc:2:    pf_orc_diabolical, layout_caves, maelrawn_ghost_gauntlet_escape,
          serial_shops, shop

Skill      XL: |  1  2  3  4  5  6  7  8  9 10 11 12 13 14 15 16 |
---------------+-------------------------------------------------+-----
Conjurations   | 2 3 4 5 6 8 9 10 11 | 11.6
Air Magic      | 5 6 7 9 12 13 15 16 18 19 | 19.5
Spellcasting   | 3 4 5 7 |  7.0
Shields        | 1 4 |  4.0
Fighting       | 2 5 8 9 11 12 13 14 | 14.2
Dodging        | 3 6 9 11 12 14 15 | 15.4
Armour         | 2 4 |  4.0
Stealth        | |  2.0

Action                   |  1- 3 |  4- 6 |  7- 9 | 10-12 | 13-15 | 16-18 || total
-------------------------+-------+-------+-------+-------+-------+-------++-------
Melee: Dagger            |     7 |     6 |       |       |       |       ||    13
       Kick              |     2 |     2 |       |    18 |    74 |     9 ||   105
       Peck              |     1 |     3 |       |    18 |    42 |     8 ||    72
       Staff             |       |       |       |    49 |   217 |    26 ||   292
 Cast: Shock             |    65 |    80 |    18 |    23 |     9 |       ||   195
       Static Discharge  |     2 |    12 |     9 |    63 |   147 |    26 ||   259
       Airstrike         |       |    11 |   100 |   250 |   608 |    64 ||  1033
       Conjure Ball Ligh |       |       |       |       |    10 |     3 ||    13
       Freezing Cloud    |       |       |       |       |     5 |     5 ||    10
       Swiftness         |       |       |       |       |     1 |       ||     1
Evoke: Wand              |       |       |     1 |       |    11 |       ||    12
  Use: Potion            |     3 |       |       |       |     1 |     1 ||     5
       Scroll            |       |     3 |     4 |     5 |    12 |       ||    24
Armor: Robe              |     5 |     2 |     2 |       |       |     3 ||    12
       Acid dragon scale |       |       |       |    38 |     8 |       ||    46
       Troll leather arm |       |       |       |       |    74 |       ||    74
Dodge: Dodged            |    11 |    16 |    23 |   131 |   446 |    40 ||   667
Block: Buckler           |       |       |     2 |    34 |    57 |       ||    93
       Kite shield       |       |       |       |       |   126 |    40 ||   166
